 Dungeon Crawl Stone Soup version 0.30-b1-2-g02819fbbbe (webtiles) character file.

Game seed: 2452436713661084470

124 Supaplex the Sneak (level 5, -1/37 HPs)
             Began as a Gnoll Enchanter on July 17, 2023.
             Killed from afar by an orc wizard (4 damage)
             ... with a magic dart
             ... on level 2 of the Dungeon.
             The game lasted 00:07:31 (1769 turns).

Supaplex the Sneak (Gnoll Enchanter)                Turns: 1769, Time: 00:07:31

Health: -1/37      AC:  9    Str:  7    XL:     5   Next: 8%
Magic:  8/12       EV: 13    Int: 16    God:
Gold:   151        SH:  0    Dex: 13    Spells: 6/14 levels left

rFire   + . .        q - +1 short sword (protect)
rCold   + . .        (no shield)
rNeg    . . .        b - +0 robe
rPois   .            (no helmet)
rElec   .            e - scarf {rC+ rF+}
rCorr   .            (no gloves)
SInv    .            (no boots)
Will    .....        (no amulet)
Stlth   +            (no ring)
HPRegen 0.26/turn    (no ring)
MPRegen 0.13/turn

%: no passive effects
@: confused, under a protective aura, invisible
A: fangs 1, strong nose, distributed training
a: no special abilities


You were on level 2 of the Dungeon.
You visited 1 branch of the dungeon, and saw 3 of its levels.

You collected 151 gold pieces.

Inventory:

Hand Weapons
 a - a +1 dagger
 q - a +1 short sword of protection (weapon)
Missiles
 h - 17 stones (quivered)
 w - 3 atropa-tipped darts
 x - 5 poisoned darts
Armour
 b - a +0 robe (worn)
 e - a scarf of resistance (worn)
 r - a +0 chain mail
Jewellery
 i - a ring of see invisible
Scrolls
 d - 3 scrolls of brand weapon {unknown}
 f - 4 scrolls of fear {unknown}
 g - a scroll of blinking {unknown}
 j - 2 scrolls of immolation {unknown}
 l - a scroll of amnesia {unknown}
 p - a scroll of teleportation {unknown}
 s - a scroll of acquirement {unknown}
 t - a scroll of enchant armour {unknown}
 u - a scroll of identify {unknown}
Potions
 k - a potion of degeneration {unknown}
 m - 2 potions of mutation {unknown}
 n - 2 potions of curing {unknown}
 o - a potion of might {unknown}
 v - a potion of lignification {unknown}


   Skills:
 + Level 1.4 Fighting
 + Level 2.9 Short Blades
 + Level 1.4 Long Blades
 + Level 1.4 Axes
 + Level 1.4 Maces & Flails
 + Level 1.4 Polearms
 + Level 1.4 Staves
 + Level 1.4 Ranged Weapons
 + Level 1.4 Throwing
 + Level 1.4 Armour
 + Level 4.7 Dodging
 + Level 6.1 Stealth
 + Level 1.4 Shields
 + Level 1.4 Unarmed Combat
 + Level 5.1 Spellcasting
 + Level 1.1 Conjurations
 + Level 5.5 Hexes
 + Level 1.1 Summonings
 + Level 1.1 Necromancy
 + Level 1.1 Translocations
 + Level 1.1 Transmutations
 + Level 1.1 Fire Magic
 + Level 1.1 Ice Magic
 + Level 1.1 Air Magic
 + Level 1.1 Earth Magic
 + Level 1.1 Poison Magic
 + Level 1.5 Invocations
 + Level 1.4 Evocations


You had 6 spell levels left.
You knew the following spells:

 Your Spells              Type           Power      Damage    Failure   Level
a - Ensorcelled Hibernat  Hex/Ice        28%        N/A       6%          2
b - Confusing Touch       Hex            21%        N/A       4%          3
c - Tukima's Dance        Hex            21%        N/A       4%          3

Your spell library contained the following spells:

 Spells                   Type           Power      Damage    Failure   Level
 Dazzling Flash           Conj/Hex       28%        N/A       12%         3


Dungeon Overview and Level Annotations

Branches:
Dungeon (3/15)

Altars:


Innate Abilities, Weirdness & Mutations

You have very sharp teeth.
Your uncanny sense of smell can sniff out nearby items.
Your experience applies equally to all skills.


Message History

You puncture the hobgoblin!
You kill the hobgoblin!
You hit the orc.
The orc is heavily wounded.
Something hits the orc.
The orc is killed!
You see here a rat skeleton.
There is a stone staircase leading down here.
Things that are here:
a +0 flail; a +0 flail Something hits you but does no damage.
You hit something.
Your weapon exudes an aura of protection.
Something barely misses you.
You hit something. Something barely misses you.
You closely miss something. Your bite misses something.
Something hits you but does no damage.
You hit something.
You hear some strange, mumbled words.
You are confused.
You hear some strange, mumbled words.
You are more confused.
Something hits you.
* * * LOW HITPOINT WARNING * * *
You bump into the rock wall.
You bump into the rock wall.
You hit something but do no damage.
Your weapon exudes an aura of protection.
Something hits you but does no damage.
You're too confused to move!
You hear some strange, mumbled words.
A magic dart appears from out of thin air!
The magic dart hits you.
* * * LOW HITPOINT WARNING * * *
You're too confused to cast spells.
Sorry, you're not good enough to have a special ability.
You hear some strange, mumbled words.
A magic dart appears from out of thin air!
The magic dart hits you.
You die...

.###################.#####.###.##
............................)..#
###########.####.###.###########
#.# #.# #.# #.# #.###.### #.#
#.#.....# #.# #.#{#.#.##########
#.# #.#.#.............
#.####@#.###.##########
#......{.<...# #.####.#>##### #.#
#.#รท# #.# #.#.# #.# #.#.# #.#
#.#.## #.# #..#.######### #.#
#.###........#####


There were no monsters in sight!

Vanquished Creatures
  Terence (D:2)
  An orc wizard (D:3)
  3 adders
  A worm (D:3)
  A dart slug (D:1)
  2 orcs (D:2)
  3 ball pythons
  5 bats
  3 endoplasms
  A giant cockroach (D:2)
  3 goblins
  5 hobgoblins
  5 kobolds
  A quokka (D:3)
  A frilled lizard (D:1)
  3 rats
39 creatures vanquished.

Notes
Turn   | Place    | Note
-------+----------+-------------------------------------------
     0 | D:1      | Supaplex the Gnoll Enchanter began the quest for the Orb.
     0 | D:1      | Reached XP level 1. HP: 13/13 MP: 6/6
   246 | D:2      | Reached XP level 2. HP: 11/19 MP: 7/7
   550 | D:1      | Reached skill level 5 in Spellcasting
   550 | D:1      | Reached XP level 3. HP: 25/25 MP: 7/9
   572 | D:1      | Learned a level 2 spell: Ensorcelled Hibernation
   997 | D:2      | Noticed Terence
  1017 | D:2      | Killed Terence
  1018 | D:2      | Reached skill level 1 in Fighting
  1018 | D:2      | Reached skill level 1 in Long Blades
  1018 | D:2      | Reached skill level 1 in Axes
  1018 | D:2      | Reached skill level 1 in Maces & Flails
  1018 | D:2      | Reached skill level 1 in Polearms
  1018 | D:2      | Reached skill level 1 in Staves
  1018 | D:2      | Reached skill level 1 in Ranged Weapons
  1018 | D:2      | Reached skill level 1 in Throwing
  1018 | D:2      | Reached skill level 1 in Armour
  1018 | D:2      | Reached skill level 6 in Stealth
  1018 | D:2      | Reached skill level 1 in Shields
  1018 | D:2      | Reached skill level 1 in Unarmed Combat
  1018 | D:2      | Reached skill level 1 in Invocations
  1018 | D:2      | Reached skill level 1 in Evocations
  1248 | D:2      | Reached XP level 4. HP: 25/32 MP: 11/11
  1315 | D:2      | Learned a level 3 spell: Confusing Touch
  1319 | D:2      | Learned a level 3 spell: Tukima's Dance
  1395 | D:3      | Reached skill level 1 in Conjurations
  1395 | D:3      | Reached skill level 1 in Summonings
  1395 | D:3      | Reached skill level 1 in Necromancy
  1395 | D:3      | Reached skill level 1 in Translocations
  1395 | D:3      | Reached skill level 1 in Transmutations
  1395 | D:3      | Reached skill level 1 in Fire Magic
  1395 | D:3      | Reached skill level 1 in Ice Magic
  1395 | D:3      | Reached skill level 1 in Air Magic
  1395 | D:3      | Reached skill level 1 in Earth Magic
  1395 | D:3      | Reached skill level 1 in Poison Magic
  1711 | D:3      | Reached XP level 5. HP: 34/37 MP: 8/12
  1769 | D:2      | Killed from afar by an orc wizard

Illustrated notes

Levels and vault maps discovered:
D:1:      dpeg_arrival_court, layout_basic, minivault_4, st_stairs_3
D:2:      layout_loops_ring, uniq_terence
D:3:      layout_rooms

Skill      XL: |  1  2  3  4 |
---------------+-------------+-----
Spellcasting   | 5 |  5.1
Fighting       | 1 |  1.4
Long Blades    | 1 |  1.4
Axes           | 1 |  1.4
Maces & Flails | 1 |  1.4
Polearms       | 1 |  1.4
Staves         | 1 |  1.4
Ranged Weapons | 1 |  1.4
Throwing       | 1 |  1.4
Armour         | 1 |  1.4
Stealth        | 6 |  6.1
Shields        | 1 |  1.4
Unarmed Combat | 1 |  1.4
Invocations    | 1 |  1.5
Evocations     | 1 |  1.4
Conjurations   | 1 |  1.1
Summonings     | 1 |  1.1
Necromancy     | 1 |  1.1
Translocations | 1 |  1.1
Transmutations | 1 |  1.1
Fire Magic     | 1 |  1.1
Ice Magic      | 1 |  1.1
Air Magic      | 1 |  1.1
Earth Magic    | 1 |  1.1
Poison Magic   | 1 |  1.1
Short Blades   | |  2.9
Dodging        | |  4.7
Hexes          | |  5.5

Action                     |  1- 3 |  4- 6 || total
---------------------------+-------+-------++-------
  Melee: Dagger            |    73 |       ||    73
         Bite              |     5 |     2 ||     7
         Punch             |     1 |     3 ||     4
         Short sword       |    10 |    71 ||    81
  Throw: Stone             |       |     1 ||     1
   Cast: Ensorcelled Hiber |     1 |    13 ||    14
         Tukima's Dance    |       |     1 ||     1
         Confusing Touch   |       |     1 ||     1
    Use: Potion            |     1 |     1 ||     2
   Stab: Sleeping          |     8 |     8 ||    16
         Invisible         |     3 |     1 ||     4
 Armour: Robe              |    16 |    50 ||    66
  Dodge: Dodged            |    64 |    93 ||   157
